[Event "*** Titled Tuesday Blitz"]
[Site "Chess.com"]
[Date "2020.05.26"]
[Round "4"]
[White "MFguimaraes"]
[Black "TokChess"]
[Result "0-1"]
[WhiteElo "2502"]
[BlackElo "2343"]
[TimeControl "180+1"]
[EndTime "10:39:03 PDT"]
[Termination "TokChess won by resignation"]

1. e4 c5 2. Nf3 e6 3. g3 Nc6 4. Bg2 Nf6 5. Nc3 d6 6. O-O Be7 7. Re1 O-O 8. e5 dxe5 9. Nxe5 Nxe5 10. Rxe5 Qc7 11. Re1 Bd7 12. d3 Bc6 13. Bf4 Bd6 14. Bg5 Bxg2 15. Bxf6 Bh3 16. Qh5 Bf5 17. Ne4 Bg6 18.
Qh4 gxf6 19. Nxf6+ Kg7 20. Nh5+ Kg8 21. Nf6+ Kh8 22. Re4 Be5 23. Rae1 Bxf6 24. Qxf6+ Kg8 25. h4 Qd8 26. Qf4 Kg7 27. Re5 h5 28. Rxc5 Qf6 29.
Qb4 Rac8 30. Rxc8 Rxc8 31. Re2 b6 32. Kg2 Qf5 33. Qd4+ Kg8 34. Re5 Qf6 35. c4 Rd8 36.
Qe3 Rxd3 37. Qe2 Rd2 38. Qe3 Rxf2+ 39. Qxf2 Qxe5 40. b3 Be4+ 41. Kh2 Qf5 42. Qd2 Qf3 43. Qg5+ Bg6 44. Qd8+ Kg7 45. Qd2 Qf6 46. Qe2 Bf5 47.
c5 Bg4 48. Qd2 bxc5 49. a3 Qf5 50. b4 Qd5 51. Qb2+ Qd4 52. b5 Qxb2+ 0-1

[Event "*** Titled Tuesday Blitz"]
[Site "Chess.com"]
[Date "2020.05.26"]
[Round "4"]
[White "2346PL"]
[Black "ManuDavid2910"]
[Result "1/2-1/2"]
[WhiteElo "2508"]
[BlackElo "2694"]
[TimeControl "180+1"]
[EndTime "10:39:04 PDT"]
[Termination "Game drawn by repetition"]

1. d4 Nf6 2. Bg5 e6 3. Nf3 d5 4. e3 c5 5. c3 Nc6 6. Bd3 Be7 7.
Nbd2 Nd7 8. Bxe7 Qxe7 9. e4 cxd4 10. cxd4 Qb4 11. O-O O-O 12. exd5 exd5 13. Nb3 Nf6 14. a3 Qb6 15. h3 h6 16. Rc1 Rd8 17. Re1 Ne4 18.
Nc5 Bf5 19. b4 a5 20. b5 Nxd4 21. Nxd4 Bg6 22. Bxe4 dxe4 23. Qa4 Rd5 24. Ndb3 f5 25. Red1 Bf7 26. Rxd5 Bxd5 27. Qd4 Rd8 28. Rd1 Qxb5 29. a4 Qe2 30. Ne6 Rd7 31. Nbc5 Bb3 32. Qxd7 Qxd1+ 33. Qxd1 Bxd1 34. Nxb7 Bxa4 35. Nxa5 Kf7 36. Nd4 Kf6 37.
g3 g5 38. Nc4 Be8 39. Nd2 Ke5 40. Ne2 Bb5 41. Nc3 Bd7 42. Kf1 Kd4 43. Ne2+ Kd3 44.
Ke1 e3 45. Nf1 exf2+ 46. Kxf2 Ke4 47. Nd2+ Ke5 48. Nf3+ Kf6 49. Nc3 h5 50. h4 gxh4 51.
gxh4 f4 52. Nd5+ Kf5 53. Ne7+ Kg4 54. Ng6 Bc8 55. Kg2 Bb7 56. Ne5+ Kf5 57. Kf2 Ba8 58. Kg2 Bb7 59. Kf2 Ba8 60. Ke2 Bb7 61. Kf2 1/2-1/2

[Event "*** Titled Tuesday Blitz"]
[Site "Chess.com"]
[Date "2020.05.26"]
[Round "4"]
[White "Konek-Gorbunok"]
[Black "PlotnikovPavel"]
[Result "1-0"]
[WhiteElo "2238"]
[BlackElo "2452"]
[TimeControl "180+1"]
[EndTime "10:39:04 PDT"]
[Termination "Konek-Gorbunok won by resignation"]

1. d4 e6 2. Nf3 Nf6 3. g3 Be7 4. Bg2 O-O 5. O-O d5 6. c4 c6 7.
Nc3 Nbd7 8. Nd2 b6 9. e4 dxe4 10. Ndxe4 Bb7 11. Be3 Nxe4 12. Nxe4 Nf6 13. Nc3 Qc7 14.
h3 c5 15. Bf4 Qc8 16. d5 exd5 17.
Nxd5 Nxd5 18. cxd5 Rd8 19. Qe2 Bf6 20. Rfd1 Bd4 21.
Rac1 Qd7 22. Be3 Re8 23. Qd2 Bxe3 24. fxe3 Rad8 25. e4 Qd6 26. Qf4 Re5 27. Rf1 f6 28. Kh2 Rde8 29. Rf2 Ba6 30. Rd2 Rd8 31. b3 Qe7 32.
Rc3 Rd6 33. Rdc2 h6 34. b4 cxb4 35. Rc7 Rd7 36. Rxd7 Qxd7 37. Qc1 Kh7 38. Rc7 Qd6 39. Rxa7 Rg5 40. Qf4 Qc5 41. Rxa6 Qc2 42. Ra7 Qxa2 43.
Rxa2 1-0

[Event "*** Titled Tuesday Blitz"]
[Site "Chess.com"]
[Date "2020.05.26"]
[Round "4"]
[White "archess2"]
[Black "chess94cu"]
[Result "1-0"]
[WhiteElo "2272"]
[BlackElo "2454"]
[TimeControl "180+1"]
[EndTime "10:39:05 PDT"]
[Termination "archess2 won by resignation"]

1. d4 Nf6 2. c4 e6 3. Nc3 Bb4 4. Qc2 b6 5. e4 Bb7 6. Bd3 c5 7. Ne2 cxd4 8. Nxd4 O-O 9. O-O d6 10.
Bg5 h6 11. Bh4 Nbd7 12. a3 Bxc3 13. Qxc3 Rc8 14. f3 Qc7 15. Nb5 Qb8 16. Bg3 e5 17. a4 a6 18. Na3 Nc5 19. Rfd1 Ne6 20. Bf2 Nd7 21. b4 Rfd8 22. Nc2 Qc7 23. Ne3 Nf6 24.
Qb2 Nd4 25. Nd5 Bxd5 26. cxd5 Qc3 27. Qxc3 Rxc3 28. Bxa6 Nb3 29. Rab1 Ra8 30. Bb5 Nd4 31. Bxd4 exd4 32. Rxd4 Kf8 33. Kf2 g5 34. Ke2 g4 35.
Kd2 Rac8 36. Bc6 Ra3 37. f4 g3 38. hxg3 Rxg3 39. e5 dxe5 40. fxe5 Rxg2+ 41. Ke3 Ng4+ 42. Kf4 h5 43. a5 bxa5 44. bxa5 Kg7 45. a6 Rf2+ 46. Kg3 Ra2 47. Rh1 Nxe5 48. Bb7 Rc3+ 49. Kf4 Ng6+ 50. Kg5 Rg3+ 51. Kxh5 Kf6 52. d6 Kg7 53. d7 Ra5+ 54. Rd5 Nf4+ 55. Kh4 Nxd5 56. d8=Q Rg4+ 57. Kxg4 Nf6+ 58. Kf3 Ra3+ 59. Ke2 Ra2+ 60. Kd3 Ra3+ 61. Kc4 1-0

[Event "*** Titled Tuesday Blitz"]
[Site "Chess.com"]
[Date "2020.05.26"]
[Round "4"]
[White "Playgood28"]
[Black "elamier"]
[Result "1/2-1/2"]
[WhiteElo "2295"]
[BlackElo "2102"]
[TimeControl "180+1"]
[EndTime "10:39:05 PDT"]
[Termination "Game drawn by repetition"]

1. d4 d5 2. c4 c6 3. e3 Nf6 4. Nc3 a6 5. Nf3 Bf5 6. b3 e6 7.
Be2 Bb4 8. Bd2 O-O 9. a3 Bd6 10.
O-O Nbd7 11. b4 b5 12. c5 Bc7 13. a4 e5 14. dxe5 Nxe5 15. Nxe5 Bxe5 16. Ra3 Re8 17.
Re1 Ne4 18. Nxe4 Bxe4 19. Bc3 Qg5 20. Bf1 Bc7 21. f4 Qg6 22. Qa1 Rac8 23. axb5 axb5 24. Ra7 Bd8 25. g3 h5 26. Bg2 h4 27. Bxe4 Qxe4 28. Qb2 h3 29. Qf2 Be7 30. Bd4 Bf8 31. Ra6 g6 32. Rf1 Bg7 33. Ra7 Bxd4 34. exd4 Qd3 35. f5 Re2 36. Qf4 Rg2+ 37. Kh1 Qe2 38. Qf3 Rxh2+ 39.
Kg1 Rg2+ 40. Kh1 Rh2+ 41. Kg1 Rg2+ 42. Kh1 Rh2+ 1/2-1/2

[Event "*** Titled Tuesday Blitz"]
[Site "Chess.com"]
[Date "2020.05.26"]
[Round "4"]
[White "Chessy222222"]
[Black "agrigo3"]
[Result "1-0"]
[WhiteElo "2114"]
[BlackElo "2288"]
[TimeControl "180+1"]
[EndTime "10:39:05 PDT"]
[Termination "Chessy222222 won on time"]

1. e4 g6 2. d4 Bg7 3. c4 c6 4. Nc3 d6 5. f4 e5 6. Nf3 Bg4 7. fxe5 dxe5 8. d5 Nf6 9. Be3 O-O 10. Be2 Nbd7 11. O-O cxd5 12. exd5 e4 13. Nd4 Bxe2 14. Qxe2 Ne5 15. Bg5 Qb6 16. Be3 Nfg4 17. Nf5 Nxe3 18. Nxe3 Bh6 19. Nd1 Nxc4 20. Qxc4 Bxe3+ 21. Nxe3 Qxe3+ 22.
Kh1 Rac8 23. Qa4 Qc5 24. Qxe4 Qc4 25. Qf3 Rcd8 26. Rad1 Rd6 27. b3 Qb4 28. Qf2 Qb6 29.
Rd4 a5 30. Qd2 Qd8 31. Rd1 Qd7 32. h3 b6 33. Rc4 Rd8 34. Rd4 Kg7 35. Qc3 Kg8 36. Qc4 Rc8 37. Qd3 Rd8 38. Qc4 Rc8 39. Qd3 Rd8 40. Qd2 Kg7 41. Rh4 h5 42. Rd4 Kh7 43. Qf4 Rxd5 44. Rxd5 1-0

[Event "*** Titled Tuesday Blitz"]
[Site "Chess.com"]
[Date "2020.05.26"]
[Round "4"]
[White "abhidabhi"]
[Black "Artem_Sadovsky"]
[Result "1-0"]
[WhiteElo "2731"]
[BlackElo "2515"]
[TimeControl "180+1"]
[EndTime "10:39:06 PDT"]
[Termination "abhidabhi won by checkmate"]

1. Nf3 g6 2. g3 Bg7 3. Bg2 e5 4. e4 Ne7 5. d3 O-O 6. O-O d5 7.
exd5 Nxd5 8. Nc3 Nxc3 9. bxc3 e4 10. dxe4 Bxc3 11. Rb1 Nc6 12. Bf4 Qe7 13. e5 Nxe5 14. Nxe5 Bxe5 15. Re1 f6 16. Bxe5 fxe5 17. Qd5+ Qf7 18.
Rxe5 Qxd5 19. Bxd5+ Kg7 20. Re7+ Kf6 21. Rxc7 h5 22.
f4 Rb8 23. Re1 g5 24. fxg5+ Kxg5 25. h4+ Kh6 26. Ree7 Bf5 27. Be6 Bg6 28. Rxb7 Bxc2 29. Rxb8 Rxb8 30. Rxa7 Be4 31. Kf2 Rf8+ 32. Ke3 Bh1 33.
Bf7 Rb8 34. a4 Rb4 35. a5 Rg4 36. Kf2 Ra4 37. Bb3 Ra3 38. Bc2 Rf3+ 39. Ke2 Rf7 40. Rxf7 Be4 41. Rf6+ Kg7 42. Bxe4 Kxf6 43. a6 Kg7 44. a7 Kh6 45. a8=Q Kg7 46. Qb7+ Kh6 47. Qh7# 1-0

[Event "*** Titled Tuesday Blitz"]
[Site "Chess.com"]
[Date "2020.05.26"]
[Round "4"]
[White "northridgehawk"]
[Black "Savva09022009"]
[Result "0-1"]
[WhiteElo "2178"]
[BlackElo "2401"]
[TimeControl "180+1"]
[EndTime "10:39:06 PDT"]
[Termination "Savva09022009 won by resignation"]

1. e4 c5 2. Nf3 Nc6 3. d4 cxd4 4. c3 Nf6 5. e5 Nd5 6. Bc4 Nb6 7. Bb3 d6 8. exd6 Qxd6 9. O-O g6 10. Na3 a6 11.
cxd4 Bg7 12. Be3 O-O 13. d5 Ne5 14. Bxb6 Nxf3+ 15. Qxf3 Qxb6 16. Rfe1 Bf5 17. Nc4 Qc5 18.
Rac1 Rad8 19. Ne3 Qd4 20. Nxf5 gxf5 21. Qxf5 Qxb2 22. Bc2 Rfe8 23. Qxh7+ Kf8 24. Bb3 Rd6 25. Qe4 Rf6 26. Qe3 Bh6 27. f4 Bxf4 28. Qh3 Kg8 29. Rc2 Qd4+ 30. Kh1 Rh6 31. Qg4+ Rg6 32. Qf3 Bd6 33.
Rce2 Qh4 34. h3 Rg3 35. Re4 Rxf3 36. Rxh4 Rg3 37. Ree4 Rc8 38. Reg4+ Rxg4 39. Rxg4+ Kf8 40. Rc4 Bc5 41. g4 b5 42. Rc2 a5 43. a3 a4 44. Ba2 Ke8 45. Kg2 Kd7 46. Kf3 Bxa3 47. Rxc8 Kxc8 48. h4 b4 49. h5 b3 50. Bb1 Bb2 51. Ke3 a3 52. Kd3 a2 53. Kc4 0-1

[Event "*** Titled Tuesday Blitz"]
[Site "Chess.com"]
[Date "2020.05.26"]
[Round "4"]
[White "AlexZambrano"]
[Black "FMalexhdez"]
[Result "1-0"]
[WhiteElo "2287"]
[BlackElo "2052"]
[TimeControl "180+1"]
[EndTime "10:39:06 PDT"]
[Termination "AlexZambrano won on time"]

1. Nf3 c5 2. g3 d6 3. c4 Nf6 4.
Bg2 g6 5. O-O Bg7 6. Nc3 Nc6 7.
e3 O-O 8. d4 cxd4 9. exd4 d5 10. Ne5 Be6 11. Nxc6 bxc6 12. c5 Bf5 13. b4 Rb8 14. a3 Ne4 15. Nxe4 dxe4 16. Bb2 a5 17. Bc3 axb4 18. axb4 Qd5 19. Re1 Rfd8 20. g4 Be6 21. Bxe4 Qc4 22. Qf3 Bxd4 23. Rac1 Bxc3 24. Rxc3 Qxb4 25.
Bxc6 Bxg4 26. Qg3 Rbc8 27. Bg2 Be6 28. Rec1 Rd2 29. c6 h5 30. h4 Rd4 31. c7 Rg4 32.
Qe5 Qb7 33. Rg3 Qa7 34. Rxg4 hxg4 35. Qc5 Qa6 36. h5 gxh5 37. Qg5+ Kf8 38. Qh6+ Ke8 39. Bc6+ 1-0

[Event "*** Titled Tuesday Blitz"]
[Site "Chess.com"]
[Date "2020.05.26"]
[Round "4"]
[White "krzyzan94"]
[Black "heartofatiger"]
[Result "1-0"]
[WhiteElo "2699"]
[BlackElo "2495"]
[TimeControl "180+1"]
[EndTime "10:39:07 PDT"]
[Termination "krzyzan94 won on time"]

1. e4 Nf6 2. e5 Nd5 3. d4 d6 4. c4 Nb6 5. exd6 cxd6 6. Nc3 g6 7. Be3 Bg7 8. Rc1 O-O 9. b3 N6d7 10. h4 e5 11. dxe5 dxe5 12. h5 Nc6 13. hxg6 hxg6 14. Bh6 Bxh6 15. Rxh6 Nd4 16. Qd2 Nc5 17. Rh1 Nf5 18. Nd5 Ne4 19. Qd3 Ng5 20. Rd1 Be6 21. Nf3 Bxd5 22. Nxg5 Qxg5 23. Qh3 Kg7 24. Qh7+ Kf6 25.
cxd5 Rh8 26. Qxh8+ Rxh8 27. Rxh8 Qf4 28. Bd3 e4 29. g3 Qe5 30. Be2 e3 31. Rd3 Qa1+ 32.
Bd1 exf2+ 33. Kxf2 Qxa2+ 34. Be2 Nd6 35. Rh4 Ke7 36. Rf4 f5 37. Rh4 Ne4+ 38. Ke3 Qc2 39. d6+ Ke6 40. Rxe4+ fxe4 41. Bg4+ Ke5 42. Rd1 Qc5+ 43.
Ke2 Qc2+ 44. Rd2 1-0

[Event "*** Titled Tuesday Blitz"]
[Site "Chess.com"]
[Date "2020.05.26"]
[Round "4"]
[White "Bhagya_2312"]
[Black "NormWeinstein"]
[Result "1-0"]
[WhiteElo "2115"]
[BlackElo "2348"]
[TimeControl "180+1"]
[EndTime "10:39:07 PDT"]
[Termination "Bhagya_2312 won on time"]

1. e4 c5 2. Nf3 d6 3. d4 Nf6 4. Nc3 cxd4 5. Nxd4 Nc6 6. Be2 e6 7. O-O Be7 8. Be3 O-O 9. f4 Bd7 10. Qe1 Nxd4 11. Bxd4 Bc6 12. Qg3 g6 13. Kh1 Nxe4 14. Nxe4 Bxe4 15. c4 Bf6 16. Rad1 d5 17. Qe3 Bxd4 18.
Rxd4 Qb6 19. b3 Rad8 20. c5 Qc7 21. b4 f5 22. Kg1 Rf7 23. Bf3 Rdd7 24. Be2 Rg7 25. Bb5 Rd8 26. Bd3 Rf8 27. Be2 Qe7 28. Rc1 g5 29. fxg5 Rxg5 30. Bf3 Qg7 31. Rd2 Rf6 32.
Kf1 Rfg6 33. Bxe4 fxe4 34. Rcc2 Rf5+ 35. Ke1 Rgf6 36. Rf2 Rxf2 37. Rxf2 Rxf2 38. Kxf2 Qb2+ 39. Kg3 Qe5+ 40. Qf4 Qxf4+ 41. Kxf4 Kf7 42. b5 Ke7 43. g4 e5+ 44. Ke3 a6 45. a4 axb5 46. axb5 Kf6 47. h4 h6 48. c6 bxc6 49. b6 1-0

[Event "*** Titled Tuesday Blitz"]
[Site "Chess.com"]
[Date "2020.05.26"]
[Round "4"]
[White "Chessialist"]
[Black "Sam_ChessMood"]
[Result "1/2-1/2"]
[WhiteElo "2553"]
[BlackElo "2856"]
[TimeControl "180+1"]
[EndTime "10:39:09 PDT"]
[Termination "Game drawn - insufficient material"]

1. e4 c5 2. Nf3 d6 3. d4 cxd4 4. Qxd4 Nf6 5. e5 Nc6 6. Bb5 Qa5+ 7.
Nc3 Qxb5 8. Nxb5 Nxd4 9. Nbxd4 dxe5 10. Nxe5 Bd7 11. Bd2 e6 12. O-O-O Rc8 13. Kb1 Bc5 14. Bg5 h6 15. Bh4 g5 16. Bg3 Ne4 17. Rhe1 Nxg3 18.
hxg3 Bxd4 19. Rxd4 Bc6 20. Nxc6 Rxc6 21. c4 Ke7 22. b3 h5 23. Re3 Rc7 24. Kb2 Kf6 25. b4 b6 26. Kb3 Rhc8 27. f4 gxf4 28. gxf4 Rg8 29. g3 Rg4 30. b5 h4 31. gxh4 Rxh4 32. a4 Rh1 33. Kb4 Rb1+ 34. Rb3 Rf1 35. a5 Kf5 36. axb6 axb6 37. Rc3 Rxf4 38. Rxf4+ Kxf4 39. c5 bxc5+ 40. Ka5 e5 41. b6 Re7 42. Ka6 e4 43. Rxc5 f5 44. Rc7 Re8 45. b7 Rb8 46. Rc8 Rxb7 47. Kxb7 Ke3 48. Kc6 f4 49. Kd5 f3 50.
Rc3+ Kf4 51. Kd4 f2 52. Rc8 Kf3 53. Rf8+ Ke2 54. Kxe4 f1=Q 55. Rxf1 Kxf1 1/2-1/2

[Event "*** Titled Tuesday Blitz"]
[Site "Chess.com"]
[Date "2020.05.26"]
[Round "4"]
[White "atalz0"]
[Black "wnstop"]
[Result "1-0"]
[WhiteElo "2343"]
[BlackElo "2574"]
[TimeControl "180+1"]
[EndTime "10:39:09 PDT"]
[Termination "atalz0 won by checkmate"]

1. d4 Nf6 2. c4 g6 3. f3 Bg7 4. e4 O-O 5. Nc3 d6 6. Be3 Nc6 7.
Qd2 a6 8. O-O-O e5 9. d5 Nd4 10.
Nge2 c5 11. dxc6 Nxc6 12. Qxd6 Qa5 13. Qc5 Qxc5 14. Bxc5 Re8 15. Nd5 Rb8 16. Bd6 Ra8 17. Nc7 Be6 18. Nxa8 Rxa8 19. Nc3 Nd7 20. Nd5 Nd4 21.
Kb1 f5 22. Bd3 Bf7 23. exf5 Bxd5 24. cxd5 gxf5 25. Rc1 Bf8 26. Bxf8 Kxf8 27. Rc7 Ke8 28. Rhc1 Ke7 29. Rxb7 Kd6 30. g4 fxg4 31. fxg4 Nc5 32.
Rb6+ Kxd5 33. Bc4+ Ke4 34. Rf6 Nd3 35. Rd1 Nf4 36.
Re1+ Kf3 37. Rxe5 Rc8 38. b3 a5 39. Re1 Kxg4 40. Re4 Kg5 41. Rfxf4 Nc6 42. Rg4+ Kh5 43. Rg3 Nb4 44. Re7 h6 45. a3 Nc6 46. Reg7 Ne5 47. Rh3# 1-0

[Event "*** Titled Tuesday Blitz"]
[Site "Chess.com"]
[Date "2020.05.26"]
[Round "4"]
[White "zubridis"]
[Black "ZarinaShafigullina"]
[Result "1-0"]
[WhiteElo "2455"]
[BlackElo "2336"]
[TimeControl "180+1"]
[EndTime "10:39:09 PDT"]
[Termination "zubridis won on time"]

1. Nf3 Nf6 2. c4 c5 3. d4 cxd4 4. Nxd4 e6 5. Nc3 b6 6. e4 d6 7. Be2 Bb7 8. f3 a6 9. O-O Nbd7 10. Be3 Rc8 11. a4 Qc7 12. a5 bxa5 13. Nb3 d5 14. exd5 exd5 15. cxd5 Nc5 16. Nxa5 Bd6 17. f4 O-O 18. Nxb7 Qxb7 19. Bd4 Nfd7 20. Ra2 Rce8 21.
g3 Qb4 22. Bf3 Nb6 23. Bf2 Nc4 24. Qd4 Nb3 25. Qd3 Bc5 26. Ra4 Nxb2 27. Rxb4 Nxd3 28. Bxc5 Nbxc5 29. Rb6 a5 30. d6 Rd8 31. Nd5 Kh8 32. Ra1 a4 33. Be2 Rfe8 34. Ne7 a3 35. Rxa3 Nc1 36.
Bb5 Rxd6 37. Rxd6 Rb8 38. Rc3 N1b3 39. Nc6 Rf8 40. Bc4 1-0

[Event "*** Titled Tuesday Blitz"]
[Site "Chess.com"]
[Date "2020.05.26"]
[Round "4"]
[White "yamalchess"]
[Black "GMNickPert"]
[Result "0-1"]
[WhiteElo "2515"]
[BlackElo "2733"]
[TimeControl "180+1"]
[EndTime "10:39:10 PDT"]
[Termination "GMNickPert won on time"]

1. d4 d5 2. c4 c6 3. Nc3 Nf6 4. Bf4 dxc4 5. e3 b5 6. a4 Nd5 7. axb5 Nxf4 8. exf4 cxb5 9. Nxb5 Bd7 10. Bxc4 e6 11. Nf3 Bb4+ 12. Nc3 Qc7 13. Ne5 Nc6 14.
Nxd7 Qxd7 15. d5 exd5 16. Qxd5 Qe7+ 17. Kf1 O-O 18. Qxc6 Bxc3 19. bxc3 Rac8 20. Qa6 Qc5 21. Be2 Qxc3 22. g3 Rc6 23. Qa3 Qd2 24. Rd1 Qc2 25.
Qd3 Qb2 26. Kg2 Rc3 27. Qe4 Rc2 28. Rhe1 g6 29. Kg1 Rb8 30. Qe5 Qb3 31. h4 h5 32.
Bd3 Rc3 33. Rb1 Rxd3 34. Rxb3 Rdxb3 35. Qe7 R3b7 36. Qf6 a5 37. Qg5 Ra8 38. f5 Rb5 0-1

[Event "*** Titled Tuesday Blitz"]
[Site "Chess.com"]
[Date "2020.05.26"]
[Round "4"]
[White "FMOlexandrProhorov"]
[Black "mjray79"]
[Result "1/2-1/2"]
[WhiteElo "2076"]
[BlackElo "2284"]
[TimeControl "180+1"]
[EndTime "10:39:10 PDT"]
[Termination "Game drawn by repetition"]

1. e4 e5 2. Nf3 Nc6 3. Bb5 a6 4.
Bxc6 dxc6 5. O-O Bg4 6. h3 h5 7. d3 Qf6 8. Nbd2 g5 9. Nc4 Bxf3 10. Qxf3 Qxf3 11. gxf3 f6 12. c3 Ne7 13. d4 exd4 14.
cxd4 O-O-O 15. Be3 Ng6 16. Rfd1 Nh4 17. f4 gxf4 18.
Bxf4 Nf3+ 19. Kf1 Nxd4 20. e5 Bh6 21. Bg3 Bg7 22. Rd3 fxe5 23. Nxe5 Rhe8 24. f4 Nf5 25. Rxd8+ Rxd8 26. Be1 Ne3+ 27. Ke2 Nc2 28. Rc1 Nxe1 29. Rxe1 Bxe5 30. fxe5 Kd7 31. Ke3 Ke6 32. Rg1 Kf5 33. Rg7 Kxe5 34. Rg5+ Kf6 35. Rxh5 Kg6 36. Rh4 Re8+ 37.
Kd3 Re7 38. Rg4+ Kf5 39. Rg8 c5 40. h4 Rh7 41. Rg5+ Kf6 42. Rxc5 c6 43. Rc4 Kf5 44. Kc2 Rh6 45. Rd4 Ke5 46. Rg4 Kf5 47. Rd4 b5 48. a3 a5 49. b4 a4 50. Kd3 Ke5 51. Rg4 Rd6+ 52. Kc3 Rh6 53. Kd3 Kf5 54. Rd4 Ke5 55. Re4+ Kd5 56. Rd4+ Ke5 1/2-1/2

[Event "*** Titled Tuesday Blitz"]
[Site "Chess.com"]
[Date "2020.05.26"]
[Round "4"]
[White "Elbek_Jumanov"]
[Black "Willychess95"]
[Result "1-0"]
[WhiteElo "2410"]
[BlackElo "2584"]
[TimeControl "180+1"]
[EndTime "10:39:11 PDT"]
[Termination "Elbek_Jumanov won by resignation"]

1. c4 c5 2. Nf3 Nf6 3. Nc3 d5 4.
cxd5 Nxd5 5. g3 Nc6 6. Bg2 Nc7 7.
O-O e5 8. d3 Be7 9. Be3 O-O 10.
Rc1 Be6 11. a3 Rc8 12. Ne4 b6 13. b4 Nd5 14. bxc5 Nxe3 15. fxe3 bxc5 16. Nxc5 Bg4 17. Ne4 Bxa3 18. Rxc6 Rxc6 19. Nxe5 Rc1 20. Qb3 Bxe2 21. Qxa3 Bxf1 22. Qxc1 Bxg2 23. Kxg2 Qb6 24. Nd7 Qa6 25.
Nxf8 Qxd3 26. Nf2 Qd8 27. Qc5 Qxf8 28. Qxf8+ Kxf8 29. Kf3 Ke7 30. Ke4 Kd6 31. Kd4 Ke6 32. e4 Kd6 33. Nd3 a5 34. Nc5 f6 35. Nb7+ Ke6 36. Nxa5 f5 37. e5 g5 38. Nb3 f4 39.
Nc5+ Kf5 40. gxf4 gxf4 41. e6 f3 42. Ke3 Kf6 43. Kxf3 Ke7 44. Kf4 Kd6 45. Kf5 h5 46.
Kf6 Kxc5 47. e7 Kd5 48. e8=Q 1-0

[Event "*** Titled Tuesday Blitz"]
[Site "Chess.com"]
[Date "2020.05.26"]
[Round "4"]
[White "Grandelicious"]
[Black "Moon_stone123"]
[Result "1-0"]
[WhiteElo "2789"]
[BlackElo "2523"]
[TimeControl "180+1"]
[EndTime "10:39:12 PDT"]
[Termination "Grandelicious won by resignation"]

1. Nf3 Nf6 2. g3 g6 3. Bg2 Bg7 4. b3 O-O 5. Bb2 d6 6. d4 c5 7. O-O Nbd7 8. c4 cxd4 9. Nxd4 Nc5 10. Nc3 a5 11. Ndb5 Bd7 12. e4 Bc6 13. f3 Qb6 14. Kh1 Ne8 15. Qe2 Nc7 16. Rac1 N7a6 17. Rfd1 a4 18.
Nd5 Bxd5 19. exd5 Bxb2 20. Qxb2 axb3 21. axb3 Nb4 22. Bf1 Rfc8 23. Ra1 Ra6 24. Rxa6 bxa6 25. Nd4 a5 26. Qe2 Re8 27. Nb5 Nxb3 28. h4 a4 29. h5 a3 30. Nxa3 Nd4 31. Qe3 Qa5 32. Rxd4 e5 33. Rd1 Ra8 34. Nb5 Nc2 35. Qf2 Nb4 36.
Nxd6 Qc7 37. Ne4 f5 38. d6 Kg7 39. dxc7 fxe4 40. fxe4 Ra2 41. Qxa2 Nxa2 42. c8=Q Kh6 43. Qh3 g5 44. Rd6+ Kg7 45. h6+ 1-0

[Event "*** Titled Tuesday Blitz"]
[Site "Chess.com"]
[Date "2020.05.26"]
[Round "4"]
[White "Arjun2002"]
[Black "profofchess"]
[Result "1/2-1/2"]
[WhiteElo "2659"]
[BlackElo "2487"]
[TimeControl "180+1"]
[EndTime "10:39:13 PDT"]
[Termination "Game drawn by repetition"]

1. e4 e6 2. d4 d5 3. Nc3 Bb4 4. e5 c5 5. a3 Bxc3+ 6. bxc3 Ne7 7. a4 b6 8. Nf3 Ba6 9. Bb5+ Bxb5 10. axb5 a5 11.
bxa6 Rxa6 12. Rxa6 Nxa6 13. O-O O-O 14. Ng5 Nf5 15.
g4 h6 16. gxf5 hxg5 17. Qh5 f6 18. fxe6 fxe5 19. Bxg5 Qe8 20. Qg4 Qg6 21. e7 Re8 22. h4 Nc7 23. dxe5 Rxe7 24. h5 Qe6 25. Qxe6+ Rxe6 26. f4 Nb5 27. Rf3 d4 28. cxd4 Nxd4 29. Rf2 b5 30. c3 Nf5 31. Rb2 Rb6 32. Kf2 Kf7 33. Kf3 b4 34. Bd8 Rb7 35. cxb4 cxb4 36. Ba5 b3 37. Bc3 Ke6 38. Ke4 Ng3+ 39. Kd3 Nxh5 40. Bd2 Ng3 41. Kc4 Ne4 42. Be3 Kf5 43.
Kd5 Nc3+ 44. Kc6 Rb8 45. Ba7 Nd1 46. Rb1 Nc3 47. Rb2 Nd1 48. Rb1 Nc3 49. Rb2 1/2-1/2

[Event "*** Titled Tuesday Blitz"]
[Site "Chess.com"]
[Date "2020.05.26"]
[Round "4"]
[White "Blitzking642"]
[Black "Ba_clbaf_osed_ingo_3v21"]
[Result "0-1"]
[WhiteElo "2318"]
[BlackElo "2612"]
[TimeControl "180+1"]
[EndTime "10:39:13 PDT"]
[Termination "Ba_clbaf_osed_ingo_3v21 won on time"]

1. d4 Nf6 2. c4 g6 3. Nc3 d5 4.
Nf3 Bg7 5. h4 c6 6. cxd5 cxd5 7.
Bf4 Nc6 8. e3 O-O 9. Be2 Bg4 10.
Ne5 Bxe2 11. Qxe2 Nxe5 12. Bxe5 h5 13. Bxf6 Bxf6 14. g4 hxg4 15. Qxg4 Kg7 16. h5 Rh8 17. O-O-O Qc8 18. Qf3 Qc6 19. hxg6 fxg6 20. Qxd5 Qc7 21. Rdg1 Rxh1 22. Rxh1 e5 23. Qc5 Rc8 24. Qxc7+ Rxc7 25. dxe5 Bxe5 26. Kd2 Rd7+ 27. Kc2 Rc7 28. Rd1 g5 29.
Rd5 Kf6 30. Kd3 Bxc3 31. bxc3 b6 32. c4 Rh7 33. c5 Ke6 34. Rxg5 Rh2 35. Ke2 bxc5 36.
Rxc5 Kd6 37. Ra5 Rh7 38. e4 Rb7 39. Ke3 Kc6 40. e5 Kb6 41. Ra3 Kc5 42. Ke4 Rb2 43. f4 Kb6 44. e6 Kc6 45. Ke5 Rf2 46. Ra6+ Kb7 0-1

[Event "*** Titled Tuesday Blitz"]
[Site "Chess.com"]
[Date "2020.05.26"]
[Round "4"]
[White "Paladin61"]
[Black "Infernal_XaM"]
[Result "0-1"]
[WhiteElo "2628"]
[BlackElo "2834"]
[TimeControl "180+1"]
[EndTime "10:39:14 PDT"]
[Termination "Infernal_XaM won on time"]

1. b3 e5 2. Bb2 d6 3. e3 f5 4.
d4 e4 5. c4 Nf6 6. Nh3 Nc6 7. Nf4 g5 8. Nh5 Rg8 9. Nc3 Bd7 10.
Nxf6+ Qxf6 11. Nd5 Qd8 12. Qh5+ Rg6 13. g4 Kf7 14. h4 Ne7 15. Qxh7+ Bg7 16. Nc3 Rh6 17.
hxg5 Rxh7 18. Rxh7 Qg8 19. Rh1 fxg4 20. Nxe4 Bf5 21.
Ng3 Bg6 22. Bg2 c6 23. O-O-O Ke8 24. Ne2 Qf7 25. Nf4 Kd7 26. Rhe1 Rh8 27. Bf1 Rh2 28.
Rd2 Kc7 29. Red1 Be4 30. Re1 Ng6 31. Nd3 Nh4 32. Red1 Nf3 33. Rc2 Qf5 34. Bc3 Qxg5 35. Kb1 g3 36. fxg3 Rxc2 37. Kxc2 Qxe3 38. Be1 Nxe1+ 0-1

[Event "*** Titled Tuesday Blitz"]
[Site "Chess.com"]
[Date "2020.05.26"]
[Round "4"]
[White "allvim"]
[Black "chessablanca"]
[Result "1-0"]
[WhiteElo "2262"]
[BlackElo "2408"]
[TimeControl "180+1"]
[EndTime "10:39:14 PDT"]
[Termination "allvim won by checkmate"]

1. e4 e5 2. Nf3 Nc6 3. Bc4 Bc5 4. O-O Nf6 5. d4 Bxd4 6. Nxd4 Nxd4 7. Bg5 d6 8. f4 Ne6 9. fxe5 dxe5 10. Qxd8+ Kxd8 11. Bxf6+ gxf6 12. Rxf6 Ke7 13. Rf1 Rg8 14. Nc3 c6 15.
Rad1 Nf4 16. g3 Bh3 17. Rfe1 Bg4 18. Rd2 Bf3 19. Kf2 Bg4 20. gxf4 exf4 21. e5 h5 22. Ne4 Bf5 23. Nf6 Rg5 24. Rg1 Rg6 25. Nxh5 Rh8 26. Rxg6 fxg6 27. Nxf4 Rxh2+ 28. Ng2 Be4 29. Kg3 Rh5 30. Kf4 Bf5 31. Ne3 Bc8 32. Rg2 Rh4+ 33.
Kf3 Rh6 34. Bd3 Kf7 35. Ng4 Rh3+ 36. Rg3 Rh1 37. Nf6 Rh6 38. Ng4 Rh1 39. Ne3 Rh6 40. Nc4 Be6 41. Nd6+ Ke7 42. Rxg6 Rh3+ 43. Kf2 Bd5 44.
Rg7+ Kf8 45. Rxb7 Rh2+ 46. Ke3 Rh3+ 47. Kf4 Rf3+ 48. Kg5 a5 49. Bf5 c5 50. Rb8+ Ke7 51.
Re8# 1-0

[Event "*** Titled Tuesday Blitz"]
[Site "Chess.com"]
[Date "2020.05.26"]
[Round "4"]
[White "Shivagami"]
[Black "Irochka83"]
[Result "1-0"]
[WhiteElo "2226"]
[BlackElo "2393"]
[TimeControl "180+1"]
[EndTime "10:39:14 PDT"]
[Termination "Shivagami won on time"]

1. e4 c5 2. Nc3 d6 3. g3 Nc6 4.
Bg2 g6 5. d3 Bg7 6. Be3 e6 7. Qd2 Nd4 8. Nd1 Rb8 9. c3 Nc6 10.
h4 h5 11. Ne2 b5 12. O-O Nf6 13. Bg5 O-O 14. f4 Qb6 15. Kh1 Ng4 16. Ne3 Nxe3 17. Qxe3 f6 18. f5 fxg5 19. fxg6 Qd8 20. hxg5 Ne5 21.
Rxf8+ Bxf8 22. Rf1 Be7 23. d4 Nxg6 24. Qf3 Qf8 25.
Qxh5 Qg7 26. e5 dxe5 27. Be4 Bb7 28. Bxb7 Rxb7 29. dxc5 Bxc5 30. Rf6 Nf8 31. g4 Be7 32.
Rf3 Bxg5 33. Ng3 Qh6 34. Kg2 Qxh5 35. Nxh5 Ng6 36. Rd3 Nf4+ 37. Nxf4 Bxf4 38. Rd8+ Kg7 39. Kf3 Kf6 40. Ke4 Ke7 41. Rh8 1-0